 Dungeon Crawl Stone Soup version 0.18-a0-1405-g73f4075 (webtiles) character file.

793 gorblad the Shield-Bearer (level 7, -1/45 HPs)
             Began as a Gargoyle Fighter on Feb 24, 2016.
             Killed from afar by an orc wizard (8 damage)
             ... with a puff of frost
             ... on level 6 of the Dungeon.
             The game lasted 00:11:01 (4069 turns).

gorblad the Shield-Bearer (Gargoyle Fighter)        Turns: 4069, Time: 00:11:01

Health: -1/45      AC: 13    Str: 24 (27) XL:     7   Next: 88%
Magic:  7/7        EV:  8    Int:  7 (8)  God:
Gold:   250        SH: 10    Dex:  9      Spells: 0 memorised, 6 levels left

rFire  . . .     SeeInvis .     a - +1 flail
rCold  . . .     Gourm    .     b - +0 scale mail
rNeg   + . .     Faith    .     c - +0 shield
rPois  ∞         Spirit   .     (no helmet)
rElec  +         Dismiss  .     j - +0 cloak
rCorr  .         Reflect  .     (no gloves)
SustAt .         Harm     .     (no boots)
MR     .....                    (no amulet)
Stlth  ..........               (no ring)
                                (no ring)

@: mighty, not resistant to hostile enchantments, extremely unstealthy
A: negative energy resistance 1, electricity resistance, unbreathing,
petrification resistance, rot immunity, AC +4
a: no special abilities


You were on level 6 of the Dungeon.
You were not hungry.

You visited 1 branch of the dungeon, and saw 6 of its levels.

You collected 250 gold pieces.

Inventory:

Hand Weapons
 a - a +1 flail (weapon)
Armour
 b - a +0 scale mail (worn)
 c - a +0 shield (worn)
 j - a +0 cloak (worn)
Jewellery
 s - a +5 ring of dexterity {unknown}
 v - a cursed amulet of faith {unknown}
Wands
 q - a wand of random effects (22/48)
 r - a wand of paralysis (14/24)
 u - a wand of lightning (6/15)
Scrolls
 d - a scroll of identify
 i - 2 scrolls of amnesia
 n - a scroll of magic mapping
 o - 3 scrolls of teleportation
 p - a scroll of immolation
 t - a scroll of remove curse {unknown}
 x - a scroll of fear
Potions
 e - 3 potions of flight
 h - a potion of agility
 m - 2 potions of brilliance
 w - a potion of experience {unknown}
Comestibles
 f - 6 bread rations
 k - 4 meat rations
 l - 3 fruits
 z - a chunk of flesh


   Skills:
 * Level 5.9 Fighting
 + Level 3.8 Maces & Flails
 * Level 5.6 Armour
 * Level 6.2 Shields


You had 6 spell levels left.
You didn't know any spells.

Dungeon Overview and Level Annotations

Branches:
Dungeon (6/15)
 Temple: D:4-7

Altars:
Cheibriados
Elyvilon
Okawaru
Qazlal
Trog
Vehumet


Innate Abilities, Weirdness & Mutations

You are resistant to torment.
Your stone body is resilient (AC +4).
You are immune to poison.
You resist negative energy.
You are resistant to electric shocks.
You can survive without breathing.
You are immune to petrification.
You are immune to rotting.


Message History

You are too injured to fight recklessly!
You are too injured to fight recklessly!
You are too injured to fight recklessly!
You are too injured to fight recklessly!
You are too injured to fight recklessly!
You are too injured to fight recklessly!
You are too injured to fight recklessly!
You are too injured to fight recklessly!
You are too injured to fight recklessly!
Drink which item? (? for menu, Esc to quit)
You feel very mighty all of a sudden. The orc warrior closely misses you.
You thump the orc warrior!
You kill the orc warrior!
You feel your intelligence returning. You block the orc wizard's attack.
You closely miss the orc wizard. The orc wizard casts a spell at you.
The puff of frost hits you!
You die...

#.#.# #.# #.#.## ##.#
#.##.###.## ##+#
#........# #...#
######.### .....# ###.##
....(.# ##.#..#
......Z####...#)#########
.....o.o@......<)).......
......o####...#.#########
......# ##)##[# .....#
####.# #.... #.# ##+# #.#
#.# ..#


You could see an orc wizard, 2 orcs and an adder skeleton.

Vanquished Creatures
  A vampire (D:5)
  An orc warrior (D:6)
  An ogre (D:5)
  A crimson imp (D:5)
  A hound (D:5)
  4 orc wizards
  3 worker ants
  A worker ant zombie (D:5)
  3 gnolls (D:2)
  2 howler monkey skeletons (D:5)
  4 adders
  A shadow imp (D:3)
  An ooze (D:5)
  An adder skeleton (D:5)
  4 worms (D:2)
  A dart slug (D:1)
  3 giant geckos
  13 orcs
  5 bats
  4 giant cockroaches
  8 hobgoblins
  3 jackals (D:5)
  A quokka (D:5)
  A ball python (D:2)
  5 giant newts
  13 goblins
  6 kobolds
  6 rats
98 creatures vanquished.

Notes
Turn   | Place    | Note
--------------------------------------------------------------
     0 | D:1      | gorblad the Gargoyle Fighter began the quest for the Orb.
     0 | D:1      | Reached XP level 1. HP: 14/14 MP: 1/1
    63 | D:1      | Reached XP level 2. HP: 19/19 MP: 2/2
   458 | D:2      | Reached XP level 3. HP: 22/24 MP: 3/3
   707 | D:2      | Reached skill level 4 in Shields
   715 | D:2      | Reached XP level 4. HP: 22/29 MP: 4/4
   835 | D:2      | Found a radiant altar of Vehumet.
   968 | D:2      | Found a bloodstained altar of Trog.
  1616 | D:3      | Reached XP level 5. HP: 24/34 MP: 5/5
  2044 | D:3      | Found an iron altar of Okawaru.
  2107 | D:3      | Found a stormy altar of Qazlal.
  2136 | D:3      | Found a snail-covered altar of Cheibriados.
  2598 | D:3      | Reached XP level 6. HP: 24/39 MP: 6/6
  2715 | D:4      | Found a white marble altar of Elyvilon.
  2907 | D:5      | Entered Level 5 of the Dungeon
  2931 | D:5      | Reached skill level 5 in Fighting
  2931 | D:5      | Reached skill level 5 in Shields
  2935 | D:5      | Reached skill level 5 in Armour
  3215 | D:5      | Reached XP level 7. HP: 14/44 MP: 7/7
  3491 | D:5      | Noticed a vampire
  3506 | D:5      | Killed a vampire
  4005 | D:6      | Reached skill level 6 in Shields
  4069 | D:6      | Killed from afar by an orc wizard

Vault maps used:
D:1:      minmay_arrival_diagonal_passages
D:2:      lemuel_round_altar, first_bread, kennysheep_cross_room,
          trog_three_pillars_becter
D:3:      nicolae_overflow_crystal_walls, nicolae_qazlal_eye_of_the_storm,
          kennysheep_okawaru_gauntlet
D:4:      nicolae_overflow_hidden_temple, elyvilon_altar_5, uniq_edmund
D:6:      lemuel_crystal_altar, overflow_temple_1_default,
          makhleb_heckhound_becter, serial_shops, shop

Skill      XL: |  1  2  3  4  5  6  7 |
---------------+----------------------+-----
Fighting       | 4 5 |  5.9
Shields        | 4 5 6 |  6.2
Armour         | 4 5 |  5.6
Maces & Flails | 3 |  3.8

Action                   |  1- 3 |  4- 6 |  7- 9 || total
-------------------------+-------+-------+-------++-------
Melee: Flail             |   111 |   206 |    64 ||   381
  Use: Scroll            |     3 |     9 |       ||    12
       Potion            |       |     2 |     5 ||     7
  Eat: Chunk             |       |     8 |     1 ||     9
       Fruit             |       |       |     2 ||     2
